 Dungeon Crawl Stone Soup version 0.26-a0-42-g4f27934 (webtiles) character file.

Game seed: 18204448534151621648

942 Gazorpazorpfield the Magician (level 7, -5/39 HPs)
             Began as a Deep Elf Fire Elementalist on June 2, 2020.
             Was an Initiate of Vehumet.
             Slain by an orc warrior
             ... wielding a +0 war axe
              (24 damage)
             ... on level 6 of the Dungeon.
             The game lasted 00:25:00 (8107 turns).

Gazorpazorpfield the Magician (DEFE)                Turns: 8107, Time: 00:25:01

Health: -5/39      AC:  4    Str:  5    XL:     7   Next: 88%
Magic:  19/19      EV: 14    Int: 22    God:    Vehumet [......]
Gold:   235        SH:  0    Dex: 15    Spells: 3/19 levels left

rFire    + . .     SeeInvis .   m - staff of fire
rCold    . . .     Gourm    .   (no shield)
rNeg     . . .     Faith    .   a - +0 robe
rPois    .         Spirit   .   (no helmet)
rElec    .         Reflect  .   s - +0 cloak
rCorr    .         Harm     .   v - +0 pair of gloves
MR       .....                  (no boots)
Stlth    ++........             (no amulet)
HPRegen  0.13/turn              (no ring)
MPRegen  0.16/turn              (no ring)

@: lightly drained
A: no striking features
a: Renounce Religion


You were on level 6 of the Dungeon.
You worshipped Vehumet.
Vehumet was noncommittal.
You were not hungry.

You visited 2 branches of the dungeon, and saw 7 of its levels.

You collected 235 gold pieces.

Inventory:

Hand Weapons
 f - a +0 dagger
 w - a +2 dagger of venom
 z - the +1 spear "Tihiubb" {flame, Str+4 Int+4}
   (You found it on level 5 of the Dungeon)

   It has been specially enchanted to burn those struck by it, causing extra
   injury to most foes and up to half again as much damage against particularly
   susceptible opponents.
   It affects your strength (+4).
   It affects your intelligence (+4).
Armour
 a - a +0 robe (worn)
 s - a +0 cloak (worn)
 v - a +0 pair of gloves (worn)
Magical Staves
 m - an uncursed staff of fire (weapon)
Jewellery
 l - an uncursed amulet of reflection
Wands
 q - a wand of acid (4)
 t - a wand of clouds (9)
 x - a wand of digging (4)
Scrolls
 b - 2 scrolls of remove curse
 g - a scroll of amnesia {unknown}
 i - a scroll of magic mapping {unknown}
 n - a scroll of enchant weapon {unknown}
 o - a scroll of fog {unknown}
 r - 3 scrolls of teleportation
 y - 3 scrolls of enchant armour
 B - a scroll of fear {unknown}
Potions
 d - a potion of magic {unknown}
 e - a potion of brilliance {unknown}
 h - 3 potions of flight {unknown}
 j - a potion of curing
 k - 3 potions of stabbing {unknown}
 p - 2 potions of degeneration {unknown}
 u - a potion of lignification {unknown}
 A - a potion of haste {unknown}
Comestibles
 c - 5 rations
 C - 3 chunks of flesh


   Skills:
 + Level 1.6(1.5) Fighting
 + Level 2.0(1.8) Staves
 + Level 4.2(4.1) Dodging
 - Level 3.1(2.9) Stealth
 * Level 6.8(6.6) Spellcasting
 + Level 3.7(3.5) Conjurations
 * Level 6.3(6.1) Fire Magic


You had 3 spell levels left.
You knew the following spells:

 Your Spells              Type           Power        Failure   Level  Hunger
a - Foxfire               Conj/Fire      ####         1%          1    None
b - Conjure Flame         Conj/Fire      #####...     3%          3    #......
c - Inner Flame           Hex/Fire       ####....     7%          3    #......
d - Sticky Flame          Conj/Fire      #####...     12%         4    ###....
e - Fireball              Conj/Fire      #####.....   32%         5    #####..

Your spell library contained the following spells:

 Spells                   Type           Power        Failure   Level  Hunger


Dungeon Overview and Level Annotations

Branches:
Dungeon (6/15)             Temple (1/1) D:4

Altars:
Ashenzari
Fedhas
Okawaru
Qazlal
Ru
Trog
Vehumet
Xom

Annotations:
D:4 Pikel


Message History

a cursed -3 mace; an orc skeleton You start resting.
Eating one of 4 chunks of flesh.
You eat one of the 4 chunks of flesh.
This raw flesh tastes terrible.
Magic restored.
The orc warrior is too close now for your liking.
Casting: Foxfire (safe; 1% risk of failure)
Confirm with . or Enter, or press ? or * to list all spells.
You feel a surge of power!
You conjure some foxfire!
The orc warrior shouts!
You hear a shout! x2
The foxfire hits the orc warrior but does no damage. x2
You hit the orc warrior but do no damage.
The orc warrior barely misses you.
Unknown command.
An orc priest comes into view. It is wielding a +0 whip.
The orc priest mumbles some strange prayers to Beogh against you.
Beogh smites you!
There is a stone staircase leading up here.
The orc warrior hits you with a +0 war axe!!
Ouch! That really hurt!
You die...

#...).#################.#####.#.#
#.....##..........>...........(.#
#.....##.#########.####.#####.#.#
#.....##.#.......#...[..#........
#..<.............#...............
#.###.......##.#...######.###.##.
#...........##................#
#####.......##.#...#######....#
#######+##.#@#.#####.....<###
#.#o#...............
#.........#....##...
#.......(.#....# ...
#.........#....# ...
#.o.......#....# ...
#.).......###### ... #.).......#
### ##........#


You could see an orc warrior and an orc priest.

Vanquished Creatures
  An ice beast (D:2)
  A sky beast (D:5)
  An ogre (D:5)
  A centaur (D:5)
  A bullfrog (D:5)
  2 wights
  A crimson imp (D:5)
  2 orc priests
  A hound (D:6)
  3 orc wizards
  2 iguanas
  2 hound skeletons
  2 adders
  4 gnolls (D:3)
  An ooze (D:3)
  4 worms
  3 dart slugs (D:1)
  9 orcs
  A ball python (D:3)
  9 bats
  3 giant cockroaches
  9 goblins
  9 hobgoblins
  11 jackals
  9 kobolds
  3 quokkas
  3 frilled lizards
  3 rats
101 creatures vanquished.

Vanquished Creatures (others)
  342 foxfires
342 creatures vanquished.

Grand Total: 443 creatures vanquished

Notes
Turn   | Place    | Note
-------+----------+-------------------------------------------
     0 | D:1      | Gazorpazorpfield the Deep Elf Fire Elementalist began the
                  | quest for the Orb.
     0 | D:1      | Reached XP level 1. HP: 10/10 MP: 6/6
   537 | D:1      | Reached XP level 2. HP: 13/15 MP: 6/8
  1841 | D:2      | Noticed an ice beast
  1978 | D:2      | Reached XP level 3. HP: 19/19 MP: 7/9
  1983 | D:2      | Learned a level 3 spell: Conjure Flame
  1993 | D:2      | Learned a level 3 spell: Inner Flame
  2028 | D:2      | Killed an ice beast
  2028 | D:2      | Reached XP level 4. HP: 8/24 MP: 2/12
  2113 | D:2      | Learned a level 4 spell: Sticky Flame
  2275 | D:2      | Found a blossoming altar of Fedhas.
  2546 | D:2      | Reached XP level 5. HP: 28/28 MP: 11/13
  3381 | D:3      | Found a shattered altar of Ashenzari.
  3803 | D:3      | Reached skill level 5 in Fire Magic
  3977 | D:3      | Reached skill level 5 in Spellcasting
  4114 | D:3      | Found a sacrificial altar of Ru.
  4114 | D:3      | Found a shattered altar of Ashenzari.
  4262 | D:4      | Noticed a troll
  4348 | D:4      | Reached XP level 6. HP: 30/33 MP: 11/15
  5386 | D:4      | Found a staircase to the Ecumenical Temple.
  5405 | Temple   | Entered the Ecumenical Temple
  5413 | Temple   | Became a worshipper of Vehumet
  5464 | D:4      | Noticed a slave
  5464 | D:4      | Noticed a slave
  5464 | D:4      | Noticed a slave
  5465 | D:4      | Noticed Pikel
  5480 | D:4      | Noticed a slave
  5808 | D:5      | Entered Level 5 of the Dungeon
  5900 | D:5      | HP: 1/33 [poisoned by an orc wizard]
  6264 | D:5      | Noticed a sky beast
  6297 | D:5      | Killed a sky beast
  6297 | D:5      | Reached skill level 1 in Fighting
  6297 | D:5      | Reached skill level 1 in Staves
  6304 | D:5      | Learned a level 5 spell: Fireball
  6567 | D:5      | Reached XP level 7. HP: 20/38 MP: 12/18
  7172 | D:5      | Found a stormy altar of Qazlal.
  7251 | D:5      | Got a pitted spear
  7252 | D:5      | Identified the +1 spear "Tihiubb" {flame, Str+4 Int+4} (You
                  | found it on level 5 of the Dungeon)
  8107 | D:6      | Slain by an orc warrior

Illustrated notes

Levels and vault maps discovered:
D:1:      psy_arrival_wood_between_worlds, layout_basic, minmay_tripent
D:2:      minmay_kobold_bridge, layout_loops_ring, lemuel_crystal_altar,
          first_ration
D:3:      layout_basic, gammafunk_temple_overflow_statue, serial_rivers,
          chequers_serial_rivers_micro_d, chequers_serial_rivers_room_b,
          chequers_serial_rivers_micro_e, chequers_serial_rivers_micro_d,
          chequers_serial_rivers_micro_d, nicolae_ashenzari_panopticon
D:4:      layout_rooms, minmay_temple_entry_glassed_door,
          serial_co_window_serial, co_window_corner_a,
          co_window_of_opportunity_a, co_window_corner_a,
          co_window_of_opportunity_a, co_window_paths_b,
          co_window_of_opportunity_b, co_window_corner_b, co_window_2corner,
          co_window_sun, glass_columns_a, uniq_pikel
D:5:      layout_loops_corners, grunt_qazlal_sundering
D:6:      lemuel_upstairs_altar, layout_basic, tso_altar, minmay_misc_feat_rows,
          minivault_5
Temple:   compressed_dpeg_triangle_lava_temple

Skill      XL: |  1  2  3  4  5  6  7 |
---------------+----------------------+-----
Fire Magic     | 4 5 6 |  6.3
Dodging        | 3 4 |  4.2
Stealth        | 3 |  3.1
Spellcasting   | 4 5 6 |  6.8
Conjurations   | 2 3 |  3.7
Fighting       | 1 |  1.6
Staves         | 1 2 |  2.0

Action                   |  1- 3 |  4- 6 |  7- 9 || total
-------------------------+-------+-------+-------++-------
Melee: Unarmed           |     6 |       |       ||     6
       Dagger            |     7 |    22 |       ||    29
       Staff             |       |    27 |     6 ||    33
 Cast: Foxfire           |    52 |   150 |    37 ||   239
       Conjure Flame     |       |     9 |       ||     9
Evoke: Wand              |       |       |     1 ||     1
  Use: Potion            |       |     3 |       ||     3
       Scroll            |       |     1 |     3 ||     4
  Eat: Chunk             |     3 |    11 |     5 ||    19
       Ration            |       |     1 |       ||     1
Armor: Robe              |    15 |    21 |     2 ||    38
Dodge: Dodged            |    31 |    76 |    18 ||   125

Table legend:
 A = Non-vault XP
 B = Vault XP
 C = Vault XP percentage of total XP
 D = Non-vault monster count
 E = Vault monster count
 F = Vault count percentage of total count
                 A         B        C        D         E       F
            +---------+---------+-------+---------+---------+-------
      Total |    1340 |       7 |   0.5 |      97 |       4 |   4.0
            +---------+---------+-------+---------+---------+-------
        D:1 |      29 |       4 |  12.1 |      13 |       2 |  13.3
        D:2 |     174 |       3 |   1.7 |      24 |       2 |   7.7
        D:3 |     159 |       0 |   0.0 |      26 |       0 |   0.0
        D:4 |     122 |       0 |   0.0 |      13 |       0 |   0.0
        D:5 |     717 |       0 |   0.0 |      17 |       0 |   0.0
        D:6 |     139 |       0 |   0.0 |       4 |       0 |   0.0
            +---------+---------+-------+---------+---------+-------
